 Dungeon Sprint DCSS version 0.23-a0-305-g7ffd15e (webtiles) character file.

956 emperorscorpion the Fighter (level 8, 0/48 HPs)
             Began as a Vine Stalker Warper on Oct 9, 2018.
             Was an Elder of Cheibriados.
             Slain by an unseen horror (3 damage)
             ... in the Dungeon (Sprint IX: "|||||||||||||||||||||||||||||").
             The game lasted 00:04:40 (191 turns).

emperorscorpion the Fighter (Vine Stalker Warper)    Turns: 191, Time: 00:04:40

Health: 0/48       AC:  6    Str: 31    XL:     8   Next: 14%
Magic:  0/17       EV: 21    Int: 30    God:    Cheibriados [****..]
Gold:   0          SH:  0    Dex: 26    Spells: 6/17 levels left

rFire    . . .     SeeInvis .   a - +4 quarterstaff "Widowmaker" {crush, Str+7 Int+4}
rCold    . . .     Gourm    .   (shield currently unavailable)
rNeg     . . .     Faith    .   b - +0 leather armour
rPois    .         Spirit   +   (no helmet)
rElec    .         Reflect  .   r - +0 cloak
rCorr    .         Harm     .   (no gloves)
MR       +....     NoTele   +   q - +0 pair of boots
Stlth    +++.......             (no amulet)
HPRegen  0.56/turn              t - +3 ring of intelligence
MPRegen  0.15/turn              u - +2 ring of evasion

@: very slow
A: fangs 3, regeneration 1, magic shield, antimagic bite, no potion heal 3, rot
immunity
a: Bend Time, Temporal Distortion, Slouch, Renounce Religion


You were in the Dungeon.
You worshipped Cheibriados.
Cheibriados was greatly pleased with you.
You were not hungry.

You visited 1 branch

Inventory:

Hand Weapons
 a - the +4 quarterstaff "Widowmaker" (weapon) {crush, Str+7 Int+4}
   (You found it in the Dungeon)

   It inflicts extra damage upon your enemies.
   It affects your strength (+7).
   It affects your intelligence (+4).
 o - a +2 halberd of protection
 p - a +0 spear
Missiles
 e - 5 tomahawks of dispersal (quivered)
Armour
 b - a +0 leather armour (worn)
 q - a +0 pair of boots (worn)
 r - a +0 cloak (worn)
 s - a +2 ring mail
Magical Staves
 n - an uncursed staff of energy
Jewellery
 t - a +3 ring of intelligence (left hand)
 u - a +2 ring of evasion (right hand)
Wands
 m - a wand of iceblast (9)
Scrolls
 d - 3 scrolls of blinking
 k - 3 scrolls of remove curse
 l - 2 scrolls of amnesia
Potions
 c - a potion of invisibility
 g - 5 potions of curing
 h - 3 potions of heal wounds
 i - a potion of haste
 j - 4 potions of magic
Comestibles
 f - a ration
 v - 4 chunks of flesh


   Skills:
 + Level 8.5 Fighting
 - Level 4.7(6.2) Polearms
 + Level 6.3(7.1) Staves
 - Level 2.0 Throwing
 + Level 4.4 Armour
 + Level 7.2 Dodging
 + Level 2.6 Stealth
 - Level 5.3 Spellcasting
 + Level 2.5 Charms
 - Level 3.0 Translocations
 * Level 1.7 Invocations


You had 6 spell levels left.
You knew the following spells:

 Your Spells              Type           Power        Failure   Level  Hunger
a - Shroud of Golubria    Chrm/Tloc      ###.......   3%          2    None
b - Blink                 Tloc           N/A          2%          2    None
c - Passage of Golubria   Tloc           N/A          19%         4    ###....
d - Lesser Beckoning      Tloc           ####......   5%          3    None

Your spell library contained the following spells:

 Spells                   Type           Power        Failure   Level  Hunger
 Gell's Gravitas          Tloc           ####......   5%          3    None
 Teleport Other           Tloc           ####....     5%          3    None


Dungeon Overview and Level Annotations

Branches:
Dungeon (1/1)

Altars:
Cheibriados
Dithmenos
Elyvilon
Fedhas
Gozag
Hepliaklqana
Kikubaaqudgha
Makhleb
Nemelex Xobeh
Okawaru
Qazlal
Ru
Sif Muna
Trog
Uskayaw
Vehumet
Wu Jian
Xom
Yredelemnul
Zin
The Shining One
Beogh
Jiyva
Lugonu


Innate Abilities, Weirdness & Mutations

You have razor-sharp teeth.
Your natural rate of healing is unusually fast.
When hurt, damage is shared between your health and your magic reserves.
Your bite disrupts and absorbs the magic of your enemies.
Potions cannot restore your health.
You are immune to rotting.


Message History

Something hits you. Something hits you!
* * * LOW HITPOINT WARNING * * *
You turn to flesh and can move again.
Unknown command.
Evoke which item? (* to show all) (? for menu, Esc to quit)
Aiming: Iceblast
Press: ? - help, Shift-Dir - straight line, f - you The mass of ice explodes!
The iceblast engulfs something.
The iceblast engulfs you!
* * * LOW HITPOINT WARNING * * *
Something hits you.
* * * LOW HITPOINT WARNING * * *
You sock something! Your bite misses something. Something hits you.
* * * LOW HITPOINT WARNING * * *
Something closely misses you.
You completely miss something. Your bite misses something.
Something closely misses you. Something hits you but does no damage.
You hit something but do no damage. You bite something. Something hits you.
You die... ▓▓▓▓▓▓▓▓▓▓▓▓▓▓▓▓▓▓▓▓▓▓▓▓ +.....{@.....÷).....(... ▓▓▓▓▓▓▓▓▓▓▓▓▓▓▓▓▓▓▓▓▓▓▓▓

There were no monsters in sight!

Vanquished Creatures
  A hippogriff (D)
  A basilisk (D)
  A water moccasin (D)
  An ice beast (D)
  An orc warrior (D)
  An ogre (D)
  A big kobold (D)
  2 bullfrogs (D)
  An orc wizard (D)
  A worker ant (D)
  An adder skeleton (D)
  A worm (D)
  A leopard gecko (D)
  A bat skeleton (D)
  A goblin (D)
  2 hobgoblins (D)
  3 jackals (D)
21 creatures vanquished.

Notes
Turn   | Place    | Note
-------+----------+-------------------------------------------
     0 | D        | emperorscorpion the Vine Stalker Warper began the quest for
                  | the Orb.
     0 | D        | Reached XP level 1. HP: 11/11 MP: 4/4
     5 | D        | Reached skill level 2 in Fighting
     7 | D        | Reached skill level 1 in Throwing
    15 | D        | Reached XP level 2. HP: 13/16 MP: 5/7
    22 | D        | Noticed an ice beast
    29 | D        | Killed an ice beast
    29 | D        | Reached skill level 4 in Fighting
    29 | D        | Reached skill level 1 in Armour
    29 | D        | Reached skill level 5 in Spellcasting
    29 | D        | Reached XP level 3. HP: 8/21 MP: 4/10
    29 | D        | Gained mutation: Your natural rate of healing is unusually
                  | fast. [Vine Stalker growth]
    29 | D        | Reached XP level 4. HP: 9/25 MP: 4/12
    39 | D        | Reached XP level 5. HP: 15/30 MP: 13/13
    46 | D        | Found a roughly hewn altar of Beogh.
    46 | D        | Found a snail-covered altar of Cheibriados.
    46 | D        | Found a shadowy altar of Dithmenos.
    46 | D        | Found a white marble altar of Elyvilon.
    46 | D        | Found a blossoming altar of Fedhas.
    46 | D        | Found an opulent altar of Gozag.
    47 | D        | Found a hazy altar of Hepliaklqana.
    48 | D        | Found a viscous altar of Jiyva.
    49 | D        | Found an ancient bone altar of Kikubaaqudgha.
    50 | D        | Became a worshipper of Cheibriados the Contemplative
    51 | D        | Found a corrupted altar of Lugonu.
    52 | D        | Found a burning altar of Makhleb.
    53 | D        | Found a sparkling altar of Nemelex Xobeh.
    54 | D        | Found an iron altar of Okawaru.
    55 | D        | Found a stormy altar of Qazlal.
    56 | D        | Found a sacrificial altar of Ru.
    57 | D        | Found a deep blue altar of Sif Muna.
    58 | D        | Found a bloodstained altar of Trog.
    59 | D        | Found a hide-covered altar of Uskayaw.
    60 | D        | Found a radiant altar of Vehumet.
    61 | D        | Found an ornate altar of the Wu Jian Council.
    62 | D        | Found a shimmering altar of Xom.
    63 | D        | Found a basalt altar of Yredelemnul.
    64 | D        | Found a glowing silver altar of Zin.
    65 | D        | Found a glowing golden altar of the Shining One.
    83 | D        | Got the +4 quarterstaff "Widowmaker" {crush, Str+7 Int+4}
   110 | D        | Learned a level 2 spell: Blink
   113 | D        | Learned a level 2 spell: Shroud of Golubria
   118 | D        | Learned a level 4 spell: Passage of Golubria
   121 | D        | Noticed a water moccasin
   121 | D        | Noticed a big kobold
   121 | D        | Noticed an ogre
   123 | D        | Killed an ogre
   123 | D        | Reached skill level 5 in Fighting
   123 | D        | Reached skill level 1 in Staves
   123 | D        | Reached skill level 1 in Stealth
   130 | D        | Killed a big kobold
   130 | D        | Reached * piety under Cheibriados
   130 | D        | Reached skill level 6 in Fighting
   130 | D        | Reached skill level 5 in Dodging
   130 | D        | Reached skill level 1 in Charms
   130 | D        | Reached XP level 6. HP: 29/37 MP: 15/15
   138 | D        | Reached ** piety under Cheibriados
   142 | D        | Killed a water moccasin
   142 | D        | Reached skill level 7 in Fighting
   142 | D        | Reached XP level 7. HP: 41/42 MP: 16/16
   148 | D        | Learned a level 3 spell: Lesser Beckoning
   156 | D        | Noticed a basilisk
   156 | D        | Noticed a hippogriff
   161 | D        | Reached *** piety under Cheibriados
   165 | D        | Killed a hippogriff
   165 | D        | Reached skill level 8 in Fighting
   165 | D        | Reached skill level 5 in Staves
   172 | D        | Reached **** piety under Cheibriados
   179 | D        | Killed a basilisk
   179 | D        | Reached skill level 1 in Invocations
   179 | D        | Gained mutation: You have razor-sharp teeth. [Vine Stalker
                  | growth]
   179 | D        | Reached XP level 8. HP: 16/48 MP: 15/17
   189 | D        | HP: 2/48 [something (4)]
   191 | D        | Slain by an unseen horror

Vault maps used:
D:        linesprint

Skill      XL: |  1  2  3  4  5  6  7 |
---------------+----------------------+-----
Fighting       | 2 4 6 7 8 |  8.5
Polearms       | 2 4 |  4.7
Throwing       | 1 2 |  2.0
Dodging        | 2 3 5 6 7 |  7.2
Spellcasting   | 3 5 |  5.3
Armour         | 1 3 4 |  4.4
Staves         | 1 3 6 |  6.3
Stealth        | 1 2 |  2.6
Charms         | 1 2 |  2.5
Invocations    | 1 |  1.7
Translocations | |  3.0

Action                   |  1- 3 |  4- 6 |  7- 9 || total
-------------------------+-------+-------+-------++-------
Melee: Spear             |    18 |    10 |       ||    28
       Bite              |     7 |    12 |    12 ||    31
       Quarterstaff      |       |    19 |    25 ||    44
 Cast: Shroud of Golubri |       |     1 |     1 ||     2
Evoke: Wand              |       |       |     1 ||     1
  Use: Potion            |     1 |       |       ||     1
 Stab: Distracted        |       |     1 |       ||     1
Armor: Leather armour    |     4 |     4 |     7 ||    15
Dodge: Dodged            |     7 |    27 |    19 ||    53

Table legend:
 A = Non-vault XP
 B = Vault XP
 C = Vault XP percentage of total XP
 D = Non-vault monster count
 E = Vault monster count
 F = Vault count percentage of total count
                 A         B        C        D         E       F
            +---------+---------+-------+---------+---------+-------
      Total |       0 |    1366 | 100.0 |       0 |      21 | 100.0
            +---------+---------+-------+---------+---------+-------
          D |       0 |    1366 | 100.0 |       0 |      21 | 100.0
            +---------+---------+-------+---------+---------+-------
